Map: Submarino EE

Players

MrFercho

  • Race: Zerg Zerg
  • League: Silver
  • Spawn Location: 5:00

RvaKoreaa - Winner!

  • Race: Protoss Protoss
  • Spawn Location: 11:00

VOD

Have the link to the VOD?

Description

Time

  • Played on: July 8, 2020, 2:59 p.m.
  • Length: 8:38
Show
View Real Time Build Order
Export as new Build Order

MrFercho Zerg 

Build Orders: Hatch First 

Get SALT Encoding   

  12  0:01  Drone  
  13  0:17  Overlord  
  13  0:18  Drone  
  16  0:35  Drone x2  
  16  0:52  Drone  
  16  0:55  Hatchery, Drone  
  17  1:01  Drone  
  18  1:16  Extractor  
  17  1:20  Spawning Pool  
  17  1:22  Drone  
  17  1:23  Drone  
  19  1:32  Drone  
  19  1:43  Drone  
  20  1:54  Overlord  
  19  2:09  Drone x2  
  19  2:14  Queen  
  23  2:19  Drone x2  
  25  2:38  Drone x3  
  25  2:40  Drone  
  29  2:54  Extractor  
  28  3:02  Hatchery  
  27  3:07  Drone  
  27  3:08  Drone x3  
  31  3:15  Hatchery  
  31  3:18  Lair  
  30  3:33  Spine Crawler  
  29  3:36  Spine Crawler  
  28  3:43  Spine Crawler  
  27  4:00  Zergling x6  
  30  4:21  Spine Crawler  
  29  4:24  Metabolic Boost  
  29  4:26  Spine Crawler  
  29  4:29  Overlord, Drone x2  
  30  4:46  Drone x5  
  30  4:49  Overlord  
  35  5:09  Drone  
  35  5:10  Drone x2  
  38  5:23  Hydralisk Den, Drone x3  
  40  5:32  Spine Crawler  
  40  5:33  Drone x2  
  41  5:39  Zergling x6  
  44  5:47  Baneling Nest, Drone x2  
  44  5:48  Queen x2  
  49  5:53  Overlord  
  48  6:09  Overseer  
  46  6:22  Drone x6  
  52  6:28  Hydralisk x3  
  54  6:41  Zergling x2  
  54  6:51  Drone x4  
  45  7:20  Extractor  
  44  7:28  Extractor x2  
  42  7:32  Extractor  
  37  8:05  Spawning Pool  
Show
View Real Time Build Order
Export as new Build Order

RvaKoreaa Protoss - Winner!

Build Orders: Cannon Rush 

Get SALT Encoding   

  12  0:03  Probe  
  13  0:18  Probe  
  14  0:25  Pylon  
  14  0:31  Probe  
  15  0:45  Probe  
  15  0:49  Forge  
  16  0:57  Pylon  
  16  1:00  Probe  
  17  1:08  Probe  
  17  1:17  Probe  
  18  1:24  Photon Cannon  
  19  1:26  Photon Cannon  
  19  1:33  Assimilator  
  19  1:36  Probe  
  19  1:37  Assimilator  
  20  1:48  Gateway  
  20  1:56  Photon Cannon  
  20  2:01  Probe  
  21  2:13  Probe  
  22  2:19  Pylon  
  23  2:30  Probe  
  23  2:39  Cybernetics Core  
  23  2:42  Probe  
  24  2:44  Photon Cannon  
  24  3:01  Pylon  
  24  3:03  Probe  
  25  3:08  Cybernetics Core  
  25  3:11  Zealot  
  27  3:22  Robotics Facility  
  27  3:34  Robotics Facility  
  27  3:41  Shield Battery  
  27  3:43  Shield Battery  
  27  3:46  Shield Battery  
  27  3:57  Zealot  
  27  4:18  Immortal  
  27  4:22  Observer  
  32  4:40  Shield Battery  
  32  4:44  Pylon  
  32  4:47  Immortal  
  36  4:57  Immortal  
  40  5:02  Pylon  
  40  5:23  Shield Battery  
  40  5:24  Shield Battery  
  40  5:26  Shield Battery  
  40  5:27  Shield Battery  
  40  5:29  Immortal  
  45  5:46  Immortal  
  46  6:20  Immortal  
  46  6:25  Immortal  
  54  7:51  Pylon  
  54  7:53  Immortal, Pylon  
  54  7:55  Pylon  
  54  8:05  Nexus  
  54  8:09  Pylon  
  58  8:27  Pylon  
Tags
 
League
Silver
Matchup
PvZ
Replay Pack
MrFercho
Spawn Locations
Cross Positions
Add a new tag
Caveats
  • Supply blocks, unpowered buildings, or Contaminate may cause inaccurate times.
  • Supply counts are checked every 10 seconds.